giann, lawful female dwarven Valkyrie ---------------- # -----+-- |..............-# -----# |.......### |..............|# |...-####+......| # ---- |......).^.....|# |...|# |...^...# ### ...| --------.-------# |.>.|####-......|######....| # # ---+- |......| ## ..| ### # ---.---- ## | # # ########### . ###### # ###### ----.------- # # ` #### |.......<..-####[################### ## |.........Z| #-----.----------# ### | |........@.| #...)..`........|# # # .| |........... |..............|`############ ####### .........| |..........| |..............| -.-----------.- .| |.......d..| |..............| |...(.........| | ------------ ---------------- |.`.>.........| |.............| --------------- giann the Fighter Experience level: 6 Strength: 18/02 Dexterity: 10 Constitution: 15 Intelligence: 12 Wisdom: 10 Charisma: 9 Health: 39(56) Energy: 14(14) Def: 10 Gold: 107 Moves: 2797 Dungeon seed: YpN_XUOvTazCSCGO Game ID: giann_1506197815 Your Inventory: Coins $ - 107 gold pieces Weapons b - a +0 dagger Armor e - an uncursed +3 small shield (being worn) q - an uncursed +0 orcish helm (being worn) r - an uncursed +0 chain mail (being worn) Scrolls i - a blessed scroll of scare monster l - an uncursed scroll of identify m - an uncursed scroll of enchant weapon E - a blessed scroll of confuse monster J - an uncursed scroll of destroy armor Spellbooks k - an uncursed spellbook of force bolt n - an uncursed spellbook of force bolt o - an uncursed spellbook of polymorph p - an uncursed spellbook of detect monsters Potions C - an uncursed potion of healing Rings t - a cursed -1 ring of gain constitution (on left hand) K - an uncursed ring of fire resistance Wands A - a wand of striking (0:3) B - a wand of slow monster (0:5) Tools d - an uncursed oil lamp (0:1083) H - an uncursed skeleton key Spells and supernatural/magical abilities: Name Level Category Fail Memory a - force bolt 1 attack 100% 88% W - pray for help -- divine ? -- Your skills at the end: Fighting Skills wands [Basic] Weapon Skills dagger [Basic] long sword [Basic] Spellcasting Skills Final Attributes: You were piously aligned. You were cold resistant. You had infravision. You were stealthy. You are dead. Vanquished creatures: a large mimic a leprechaun a gnome mummy a pony a fog cloud a kobold mummy a gray ooze a giant ant a giant bat a dwarf zombie a werejackal an iguana 7 killer bees a hobbit a large kobold 6 giant rats 3 yellow molds 3 geckos 4 jackals 2 foxes a kobold a goblin 3 sewer rats 5 grid bugs 7 lichens a kobold zombie 5 newts 62 creatures vanquished. Voluntary challenges: You were an atheist. You used a wielded weapon 70 times, starting on turn 50. You read items or engraved 6 times, starting on turn 270. You never genocided any monsters. You never polymorphed an object. You never changed form. You used no wishes. You never split a pudding. You never wrote Elbereth's name. You never violated your personal moral code. Dungeon overview: The Dungeons of Doom: levels 1 to 6 Level 1 a long staircase Level 2 an armor shop, some fountains, a vault Level 3 a hardware shop, a fountain, a vault Level 4 <- You were here a vault a long staircase Level 5 a general store, some fountains Level 6 History has recorded: On T:1 you entered the Dungeons of Doom to retrieve the Amulet of Yendor! On T:160 you reached level 3 of The Dungeons of Doom. On T:214 you reached level 2 of The Dungeons of Doom. On T:404 you advanced to experience level 2. On T:828 you advanced to experience level 3. On T:1172 you reached level 5 of The Dungeons of Doom. On T:1423 you advanced to experience level 4. On T:1685 you advanced to experience level 5. On T:1800 you advanced to experience level 6. On T:1866 you reached level 6 of The Dungeons of Doom. On T:1902 you reached level 4 of The Dungeons of Doom. Score breakdown: Gold: 107 ( 6917 points) Experience: 6 levels (12456 points) Exploration: 6 levels ( 12.50%) ( 9784 points) Discoveries: 9 items ( 3.61%) ( 5703 points) Valuables value: (no points given unless you survive) Artifact value: 0 ( 0 points) Variety of kills: 27 monsters ( 7.05%) ( 7965 points) Turncount: 2797 turns ( -496 points) Survival: died (score multiplied by 80%) Total score: 33863 Latest messages: You attain a minor zombification disease. The dwarf zombie just misses! The dwarf zombie misses. You come to. You faint from lack of food. The dwarf zombie hits! Your zombification disease builds up. The dwarf zombie hits! Your zombification disease builds up. The dwarf zombie hits! Your zombification disease builds up. The dwarf zombie misses. The dwarf zombie hits! Your zombification disease builds up. The dwarf zombie misses. Your zombification disease turns terminal! The dwarf zombie hits! Your zombification disease builds up critically! The dwarf zombie hits! Your zombification disease builds up critically! You come to. You faint from lack of food. The dwarf zombie hits! Your zombification disease builds up critically! The dwarf zombie misses. You turn into a zombie... Final status: Farvel giann the Valkyrie, zombified, while fainted from lack of food... You turned into a zombie in The Dungeons of Doom on dungeon level 4 with 33863 points, and 107 pieces of gold, after 2797 moves. You were level 6 with a maximum of 56 hit points when you turned into a zombie.